 Dungeon Crawl Stone Soup version 0.23.2-1-ga50397a6bc (webtiles) character file.

Game seed: 5999245342482022411

83 Peloso the Covered (level 4, -7/40 HPs)
             Began as a Minotaur Fighter on Apr 20, 2019.
             Killed by divine providence
             ... invoked by an orc priest
              (16 damage)
             ... on level 3 of the Dungeon.
             The game lasted 00:02:44 (1223 turns).

Peloso the Covered (Minotaur Fighter)               Turns: 1223, Time: 00:02:46

Health: -7/40      AC:  9    Str: 20    XL:     4   Next: 22%
Magic:  3/3        EV:  5    Int:  5    God:
Gold:   97         SH:  9    Dex: 11    Spells: 3/3 levels left

rFire    + . .     SeeInvis .   a - +0 long sword
rCold    . . .     Gourm    .   c - +0 shield
rNeg     . . .     Faith    +   j - +0 chain mail
rPois    .         Spirit   .   (helmet restricted)
rElec    .         Reflect  .   (no cloak)
rCorr    .         Harm     .   (no gloves)
MR       .....                  (no boots)
Stlth    ..........             i - amulet of faith
HPRegen  0.13/turn              e - ring of protection from fire
MPRegen  0.08/turn              o - ring of wizardry

@: no status effects
A: retaliatory headbutt, horns 2
a: no special abilities


You were on level 3 of the Dungeon.
You were not hungry.

You visited 1 branch of the dungeon, and saw 3 of its levels.

You collected 97 gold pieces.

Inventory:

Hand Weapons
 a - a +0 long sword (weapon)
Armour
 b - a +0 scale mail
 c - a +0 shield (worn)
 j - a +0 chain mail (worn)
Jewellery
 e - a ring of protection from fire (left hand)
 i - an amulet of faith (around neck)
 o - a ring of wizardry (right hand)
Wands
 n - a wand of enslavement (8)
Scrolls
 h - a scroll of remove curse
Potions
 d - a potion of might
 g - 4 potions of mutation {unknown}
 k - a potion of brilliance
 l - a potion of flight {unknown}
 m - a potion of curing
Comestibles
 f - 3 rations


   Skills:
 + Level 4.2 Fighting
 + Level 3.1 Long Blades
 + Level 4.5 Armour
 + Level 0.8 Dodging
 + Level 4.3 Shields


You had 3 spell levels left.
You didn't know any spells.
Your spell library was empty.

Dungeon Overview and Level Annotations

Branches:
Dungeon (3/15)

Altars:
Dithmenos
Gozag


Innate Abilities, Weirdness & Mutations

You reflexively headbutt those who attack you in melee.
You have a pair of horns on your head.


Message History

You slash the orc!
You kill the orc!
The orc priest mumbles some strange prayers to Beogh against you.
Beogh smites you!
* * * LOW HITPOINT WARNING * * *
You hit the orc.
The orc is lightly wounded.
You block the orc's attack.
You barely miss the orc. You headbutt the orc.
You kill the orc!
The adder bites you.
* * * LOW HITPOINT WARNING * * *
You hit the adder. You headbutt the adder!
The adder is severely wounded.
The adder barely misses you.
You riposte.
Your chain mail prevents you from hitting the adder.
The adder is severely wounded.
The orc priest calls down the wrath of Beogh upon you.
Beogh smites you!
You die...

##########.###.#.##.#
.# #.# #.#.##.# .#
#.# #.#.##.# .#
...##.#.##.######.#
.#
.........#.........
.#
#...#...............
.#
##.####...#.######..
.# ##.##.# .. #@##>#
#S##.# #o##.#
#.....go....#
##.............
#.#....##?.###
.....#... ..#
#.#o.... ... #.# ..##
###


You could see an orc priest, an adder, an orc and a hobgoblin.

Vanquished Creatures
  2 adders
  An ooze (D:2)
  An adder zombie (D:2)
  A worm (D:2)
  3 dart slugs
  2 leopard geckos
  2 orcs (D:3)
  2 bats
  2 giant cockroaches
  9 goblins
  3 hobgoblins
  2 jackals (D:1)
  A quokka (D:2)
  4 frilled lizards
  5 kobolds
  5 rats
45 creatures vanquished.

Notes
Turn   | Place    | Note
-------+----------+-------------------------------------------
     0 | D:1      | Peloso the Minotaur Fighter began the quest for the Orb.
     0 | D:1      | Reached XP level 1. HP: 19/19 MP: 0/0
    59 | D:1      | Reached XP level 2. HP: 26/27 MP: 1/1
   637 | D:2      | Reached XP level 3. HP: 33/33 MP: 2/2
   670 | D:2      | Found an opulent altar of Gozag.
   923 | D:2      | Found a shadowy altar of Dithmenos.
  1191 | D:3      | Reached XP level 4. HP: 29/40 MP: 3/3
  1223 | D:3      | Killed from afar by an orc priest

Skill      XL: |  1  2  3 |
---------------+----------+-----
Armour         | 4 |  4.5
Shields        | 4 |  4.3
Fighting       | 4 |  4.2
Long Blades    | 3 |  3.1
Dodging        | |  0.8

Action                   |  1- 3 |  4- 6 || total
-------------------------+-------+-------++-------
Melee: Long sword        |    90 |     9 ||    99
       Headbutt          |    19 |     3 ||    22
  Use: Scroll            |     4 |       ||     4
  Eat: Chunk             |       |     1 ||     1
Armor: Scale mail        |     4 |       ||     4
       Chain mail        |    55 |     3 ||    58
Dodge: Dodged            |    28 |     1 ||    29
Block: Shield            |    48 |     3 ||    51
       Rpst.: Long sword |     6 |     1 ||     7
